 Dungeon Crawl Stone Soup version 0.29.0-11-gd7f09526c8 (webtiles) character file.

Game seed: 10936472181583994504

4978 NinjaNoafa the Ducker (level 10, -9/79 HPs)
             Began as a Barachi Fighter on Sept 5, 2022.
             Was a Believer of Trog.
             Mangled by a yak (10 damage)
             ... on level 9 of the Dungeon on Sept 6, 2022.
             The game lasted 00:23:58 (7090 turns).

NinjaNoafa the Ducker (Barachi Fighter)             Turns: 7090, Time: 00:23:59

Health: -9/79      AC: 11    Str: 20    XL:     10   Next: 53%
Magic:  10/10      EV: 18    Int: 12    God:    Trog [**....]
Gold:   284        SH:  0    Dex: 29    Spells: 9/9 levels left

rFire   . . .      SeeInvis +   a - +1 long sword
rCold   x . .      Faith    .   g - +2 kite shield
rNeg    . . .      Spirit   .   t - +3 leather armour of the Eternal Void {rElec rC- Slay+6}
rPois   .          Reflect  .   (no helmet)
rElec   +          Harm     .   q - +2 cloak {Stlth+}
rCorr   .          Rampage  .   (no gloves)
Will    .....      Clarity  +   (no boots)
Stlth   +++.......              i - amulet of regeneration
HPRegen 1.03/turn               e - +6 ring of dexterity
MPRegen 0.12/turn               r - ring "Yzofag" {Str+2 Int+4 Dex+7 SInv}

@: confused, ambrosia-drunk, unable to hop, slow
A: amphibious, slowness 1, strong legs 1, +LOS, clarity, shaggy fur 1
a: Hop, Renounce Religion, Berserk, Trog's Hand


You were on level 9 of the Dungeon.
You worshipped Trog.
Trog was pleased with you.
You visited 2 branches of the dungeon, and saw 10 of its levels.

You collected 428 gold pieces.
You spent 144 gold pieces at shops.

Inventory:

Hand Weapons
 a - a +1 long sword (weapon)
Missiles
 h - 16 poisoned darts
 l - 72 stones
 p - 2 throwing nets
 u - a curare-tipped dart
Armour
 f - a +3 buckler
 g - a +2 kite shield (worn)
 q - a +2 cloak of stealth (worn)
 t - the +3 leather armour of the Eternal Void (worn) {rElec rC- Slay+6}
   (You found it on level 5 of the Dungeon)

   Slay:      It affects your accuracy & damage with ranged weapons and melee
   (+6).
   rC:        It makes you vulnerable to cold.
   rElec:     It insulates you from electricity.
Jewellery
 b - a ring of see invisible
 e - a +6 ring of dexterity (left hand)
 i - an amulet of regeneration (around neck)
 m - a ring of protection from fire
 r - the ring "Yzofag" (right hand) {Str+2 Int+4 Dex+7 SInv}
   (You found it on level 3 of the Dungeon)

   [ring of see invisible]

   Str:       It affects your strength (+2).
   Int:       It affects your intelligence (+4).
   Dex:       It affects your dexterity (+7).
   SInv:      It lets you see invisible.
Wands
 k - a wand of iceblast (15)
 o - a wand of quicksilver (11)
Scrolls
 d - a scroll of identify
 w - a scroll of fear
 A - a scroll of vulnerability
Potions
 j - 6 potions of curing
 n - a potion of resistance
 s - a potion of mutation
 v - a potion of berserk rage


   Skills:
 - Level 7.0 Fighting
 - Level 7.0 Long Blades
 + Level 6.0 Armour
 + Level 7.6 Dodging
 - Level 7.0 Stealth
 + Level 5.8 Shields
 - Level 7.0 Evocations


You had 9 spell levels left.
You didn't know any spells.
Your spell library contained the following spells:

 Spells                   Type           Power      Damage    Failure   Level
 Foxfire                  Conj/Fire      0%         2x1d4     71%         1
 Conjure Flame            Conj/Fire      0%         6-21      97%         3
 Ignite Poison            Fire/Tmut/Pois 0%         N/A       97%         3
 Inner Flame              Hex/Fire       0%         N/A       97%         3
 Flame Wave               Conj/Fire      0%         2d4       100%        4
 Sticky Flame             Conj/Fire      0%         2d3       100%        4


Dungeon Overview and Level Annotations

Branches:
Dungeon (9/15)             Temple (1/1) D:6            Lair (0/5) D:8
    Orc: D:9-12

Altars:
Ashenzari
Cheibriados
Dithmenos
Elyvilon
Fedhas
Gozag
Hepliaklqana
Kikubaaqudgha
Nemelex Xobeh
Okawaru
Qazlal
Ru
Trog
Uskayaw
Vehumet
Wu Jian
Xom
Yredelemnul
Zin
The Shining One

Shops:
D:7 *

Annotations:
D:8 Erica, Maurice, Psyche
D:9 3 runed translucent doors


Innate Abilities, Weirdness & Mutations

You are amphibious.
You cover ground slowly.
You can hop short distances.
You have an extended range of vision and can be seen from far away.
You possess an exceptional clarity of mind.
You are covered in fur. (AC +1)


Message History

You barely miss the orc. You block the orc's attack. x2
The yak gores you but does no damage. The yak barely misses you.
You block the yak's attack. The yak completely misses you.
The yak barely misses you. The yak completely misses you.
You slash the yak!
The yak is moderately wounded.
You block the yak's attack. x2; The yak misses you.
You block the yak's attack. The yak misses you.
You slash the yak!
The yak is moderately wounded.
You block the yak's attack.
The yak gores you but does no damage. x2
You block the yak's attack. The yak gores you but does no damage.
The orc wizard mumbles some strange words.
The orc wizard flickers and vanishes for a moment.
You slice the yak!!
The yak is heavily wounded.
The orc warrior hits you from afar with a +0 glaive!
You block the yak's attack. x2; The yak misses you. x2
The yak barely misses you.
Found a ring mail.
The orc warrior hits you from afar with a +0 glaive!
The yak gores you.
* * * LOW HITPOINT WARNING * * *
You block the yak's attack. The yak closely misses you. The yak gores you!
* * * LOW HITPOINT WARNING * * *
The yak barely misses you. You block the yak's attack. The yak misses you. x2
The yak completely misses you. The orc warrior barely misses you.
You are confused.
You feel invigorated. The yak closely misses you. The yak gores you!
* * * LOW HITPOINT WARNING * * *
The yak barely misses you. The yak gores you.
* * * LOW HITPOINT WARNING * * *
The yak closely misses you.
The orc warrior hits you but does no damage.
You closely miss the yak.
The yak is moderately wounded.
The yak barely misses you. The yak gores you.
* * * LOW HITPOINT WARNING * * *
The yak gores you!
You die...

#. ##. #. #. #.# ## #.#
# #.# # ##.# #####oo###
[...#..YYYo..####
.......Y@Y#.....####
....>###..####)....####
.... #..# ####[?...###
.. ..## ###.....# . ..#
####... #..# ###. #..#
###########.. #..#
##.......#....
#..###.............


You could see 5 yaks, an orc warrior, an orc wizard (invisible) and an orc.

Vanquished Creatures
  The ghost of BubbleThief the Fighter, a novice NaVM of Vehumet (D:8)
  A fire crab (shapeshifter) (D:8)
  Maggie (D:6)
  A hornet (D:6)
  2 steam dragons (D:9)
  Menkaure (D:7)
  A water moccasin (D:7)
  Duvessa (D:7)
  2 ice beasts
  A black bear (D:6)
  3 ogres
  A centaur (D:7)
  A phantom (D:5)
  A kobold brigand (D:7)
  5 bullfrogs
  A gnoll sergeant (D:3)
  2 scorpions
  4 wights (D:9)
  Dowan (D:7)
  3 howler monkeys
  4 hounds
  2 gnoll boudas
  3 orc priests
  2 jellies
  2 iguanas
  Crazy Yiuf (D:3)
  7 orc wizards
  Terence (D:3)
  30 gnolls
  5 adders
  2 shadow imps
  2 white imps
  2 ufetubi (D:5)
  2 adder zombies (D:2)
  2 adder skeletons (D:2)
  3 worms
  2 dart slugs
  35 orcs
  3 ball pythons
  6 endoplasms
  6 giant cockroaches
  7 goblins
  5 hobgoblins
  18 jackals
  7 quokkas
  5 bats
  A frilled lizard (D:3)
  17 kobolds
  A quokka zombie (D:2)
  3 rats
220 creatures vanquished.

Vanquished Creatures (others)
  An orc wizard (D:9)
  5 plants
  2 withered plants (D:2)
8 creatures vanquished.

Grand Total: 228 creatures vanquished

Notes
Turn   | Place    | Note
-------+----------+-------------------------------------------
     0 | D:1      | NinjaNoafa the Barachi Fighter began the quest for the Orb.
     0 | D:1      | Reached XP level 1. HP: 18/18 MP: 1/1
   103 | D:1      | Found a faded altar of an unknown god.
   266 | D:1      | Reached XP level 2. HP: 18/25 MP: 2/2
   517 | D:1      | Reached skill level 1 in Dodging
   757 | D:1      | You fall into a shaft and drop 1 floor!
   874 | D:2      | Reached XP level 3. HP: 23/30 MP: 3/3
  1216 | D:2      | Reached XP level 4. HP: 38/38 MP: 4/4
  1538 | D:3      | Noticed Terence
  1546 | D:3      | Killed Terence
  1629 | D:3      | Found a runed translucent door.
  1630 | D:3      | Noticed Crazy Yiuf
  1639 | D:3      | Killed Crazy Yiuf
  1711 | D:3      | Reached XP level 5. HP: 36/43 MP: 5/5
  1989 | D:3      | Identified the ring "Yzofag" {Str+2 Int+4 Dex+7 SInv}
  2079 | D:3      | Reached skill level 5 in Fighting
  2655 | D:3      | Reached skill level 5 in Long Blades
  2683 | D:3      | Reached XP level 6. HP: 48/51 MP: 6/6
  3006 | D:3      | Reached XP level 7. HP: 55/56 MP: 7/7
  3104 | D:3      | Reached skill level 5 in Armour
  3364 | D:4      | Gained mutation: You occasionally lose the ability to drink
                  | potions when taking damage. [potion of mutation]
  3364 | D:4      | Gained mutation: You have large cloven feet. [potion of
                  | mutation]
  3365 | D:4      | Lost mutation: You have large cloven feet. [potion of
                  | mutation]
  3365 | D:4      | Lost mutation: You occasionally lose the ability to drink
                  | potions when taking damage. [potion of mutation]
  3365 | D:4      | Gained mutation: You are covered in fur. (AC +1) [potion of
                  | mutation]
  3365 | D:4      | Gained mutation: You possess an exceptional clarity of
                  | mind. [potion of mutation]
  3663 | D:5      | Entered Level 5 of the Dungeon
  3702 | D:5      | Reached skill level 5 in Shields
  3704 | D:5      | Reached skill level 5 in Dodging
  3708 | D:5      | Found a radiant altar of Vehumet.
  3806 | D:5      | Reached XP level 8. HP: 50/62 MP: 8/8
  3841 | D:5      | Identified the +3 leather armour of the Eternal Void {rElec
                  | rC- Slay+6}
  4243 | D:6      | Found a staircase to the Ecumenical Temple.
  4273 | Temple   | Entered the Ecumenical Temple
  4655 | Temple   | Became a worshipper of Trog the Wrathful
  4855 | D:6      | Reached skill level 1 in Evocations
  5127 | D:6      | Noticed a hornet
  5143 | D:6      | Killed a hornet
  5144 | D:6      | Reached skill level 5 in Evocations
  5144 | D:6      | Reached XP level 9. HP: 32/71 MP: 9/9
  5208 | D:6      | Noticed Maggie
  5224 | D:6      | Killed Maggie
  5340 | D:6      | Reached skill level 1 in Stealth
  5532 | D:6      | Found an ornate altar of the Wu Jian Council.
  5695 | D:7      | Found a sacrificial altar of Ru.
  5750 | D:7      | Found Edigeito's Assorted Antiques.
  5762 | D:7      | Bought a scroll labelled ZAUDEYKHUD for 24 gold pieces
  5762 | D:7      | Bought a scroll of teleportation for 72 gold pieces
  5762 | D:7      | Bought a scroll of identify for 48 gold pieces
  5806 | D:7      | Reached * piety under Trog
  6017 | D:7      | Noticed Duvessa
  6021 | D:7      | Noticed Dowan
  6038 | D:7      | Killed Duvessa
  6049 | D:7      | Killed Dowan
  6206 | D:7      | Noticed Menkaure
  6212 | D:7      | Killed Menkaure
  6445 | D:8      | Noticed an unseen horror
  6445 | D:8      | Found a runed translucent door.
  6446 | D:8      | Noticed BubbleThief's ghost (novice NaVM)
  6468 | D:8      | Noticed a fire crab
  6468 | D:8      | an unseen horror changed into a fire crab
  6481 | D:8      | Killed a fire crab
  6482 | D:8      | Reached XP level 10. HP: 79/79 MP: 10/10
  6487 | D:8      | Noticed Maurice
  6501 | D:8      | Noticed Psyche
  6502 | D:8      | Killed BubbleThief's ghost
  6506 | D:8      | Identified the +7 morningstar of Fragile Peace {protect,
                  | Int+3}
  6506 | D:8      | Noticed Maurice
  6506 | D:8      | Maurice changed into Maurice the wyvern
  6508 | D:8      | Noticed a two-headed ogre
  6512 | D:8      | Noticed Erica
  6539 | D:8      | Found a staircase to the Lair.
  6545 | D:9      | Found a runed translucent gate.
  6545 | D:9      | Found a runed translucent gate.
  6616 | D:9      | Found a runed translucent gate.
  6616 | D:9      | Noticed a cyan ugly thing
  6616 | D:9      | Noticed a white ugly thing
  6616 | D:9      | Noticed a red ugly thing
  6617 | D:9      | Noticed a brown ugly thing
  6621 | D:9      | Noticed a cyan ugly thing
  6825 | D:9      | Reached ** piety under Trog
  7089 | D:9      | HP: 3/79 [yak (1)]
  7090 | D:9      | HP: 1/79 [yak (6)]
  7090 | D:9      | Mangled by a yak

Illustrated notes

Levels and vault maps discovered:
D:1:      dpeg_arrival_round_a, layout_basic, basic_ecumenical_altar
D:2:      layout_basic, serial_undead, serial_undead_a, serial_undead_d,
          serial_undead_c, serial_undead_b
D:3:      lemuel_castle_with_subvaults [lemuel_castle_interior_carwin_3],
          layout_basic, uniq_terence, uniq_crazy_yiuf_cottage
D:4:      layout_rooms, grunt_ministairs_10
D:5:      layout_cave_pools, mainiacjoe_overflow_paths,
          minmay_misc_feat_diagonals
D:6:      layout_cave_pods, pdpol_wu_jian_five_deadly_venoms,
          minmay_temple_entry_trees, nicolae_fountain_basement, uniq_maggie
D:7:      layout_gridville, nicolae_ru_sacrificial_ziggurat, serial_shops,
          nicolae_shop_overgrown_old_shop, st_stairs_4, uniq_menkaure,
          uniq_duvessa
D:8:      layout_rooms, lemuel_round_altar, erik_lair_orcish_takeover,
          ebering_ghost_inner_flame, uniq_maurice, uniq_gastronok, uniq_erica,
          uniq_psyche
D:9:      layout_cave_pods, ploomutoo_gammafunk_ghost_potion_laboratory
Temple:   minmay_temple_bridge_d

Skill      XL: |  1  2  3  4  5  6  7  8  9 10 |
---------------+-------------------------------+-----
Dodging        | 1 2 3 4 5 7 |  7.6
Fighting       | 4 5 6 7 |  7.0
Long Blades    | 3 4 5 6 7 |  7.0
Armour         | 4 5 6 |  6.0
Shields        | 4 5 |  5.8
Evocations     | 5 7 |  7.0
Stealth        | 6 7 |  7.0

Action                   |  1- 3 |  4- 6 |  7- 9 | 10-12 || total
-------------------------+-------+-------+-------+-------++-------
Melee: Long sword        |   125 |   213 |   313 |    79 ||   730
Invok: Berserk           |       |       |     1 |       ||     1
 Abil: Hop               |     3 |     3 |     2 |     1 ||     9
  Use: Potion            |       |     1 |     8 |     5 ||    14
       Scroll            |       |     7 |     8 |     4 ||    19
 Stab: Sleeping          |       |     5 |    12 |     1 ||    18
       Distracted        |       |       |     2 |       ||     2
Armor: Leather armour    |    44 |    66 |    83 |    30 ||   223
       Scale mail        |     2 |       |       |       ||     2
Dodge: Dodged            |    75 |   198 |   220 |    79 ||   572
Block: Buckler           |    30 |    92 |   179 |    42 ||   343
       Kite shield       |       |       |       |    42 ||    42
